 Dungeon Crawl Stone Soup version 0.27-a0-1242-ge70438ac7b (webtiles) character file.

Game seed: 4485066614473279328

9345 Delamore the Cruncher (level 11, 0/79 HPs)
             Began as a Formicid Fighter on June 9, 2021.
             Was an Initiate of Gozag.
             Succumbed to a black mamba's poison
             ... on level 3 of the Lair of Beasts.
             The game lasted 00:10:02 (12254 turns).

Delamore the Cruncher (Formicid Fighter)           Turns: 12254, Time: 00:10:03

Health: 0/79       AC: 15    Str: 25    XL:     11   Next: 72%
Magic:  11/11      EV:  7    Int:  7    God:    Gozag
Gold:   297        SH: 12    Dex: 10    Spells: 10/10 levels left

rFire    + + .     SeeInvis +   j - +8 lajatang (elec)
rCold    + . .     Faith    .   c - +1 kite shield
rNeg     . . .     Spirit   .   A - +0 plate armour
rPois    +         Reflect  .   (helmet unavailable)
rElec    +         Harm     .   (no cloak)
rCorr    +         Rampage  .   g - +0 pair of gloves
Will     +....                  (no boots)
Stlth    ..........             (no amulet)
HPRegen  0.23/turn              l - ring of protection from fire
MPRegen  0.12/turn              (no ring)

@: lethally poisoned (0 -> -8), resistant, gold aura, studying Armour
A: permanent stasis, dig shafts and tunnels, antennae 3, four strong arms
a: Dig, Shaft Self, Renounce Religion, Potion Petition, Call Merchant, Bribe
Branch


You were on level 3 of the Lair of Beasts.
You worshipped Gozag.
Gozag was aware of your devotion.
You visited 3 branches of the dungeon, and saw 13 of its levels.

You collected 1026 gold pieces.
You spent 254 gold pieces at shops.
You paid 475 gold pieces to Gozag.

Inventory:

Hand Weapons
 a - a +0 trident
 j - a +8 lajatang of electrocution (weapon)
Missiles
 k - 6 boomerangs (quivered)
 p - 3 throwing nets
 u - 13 poisoned darts
 v - 4 curare-tipped darts
 D - 8 atropa-tipped darts
Armour
 b - a +0 scale mail
 c - a +1 kite shield (worn)
 f - a +3 leather armour of willpower
 g - a +0 pair of gloves (worn)
 A - a +0 plate armour (worn)
Jewellery
 l - a ring of protection from fire (left hand)
 t - a ring of see invisible
Wands
 n - a wand of acid (21)
 s - a wand of charming (7)
 x - a wand of paralysis (12)
 y - a wand of digging (7)
 E - a wand of mindburst (9)
Scrolls
 e - 5 scrolls of enchant armour
 o - 2 scrolls of magic mapping
 r - a scroll of fog
 w - 2 scrolls of immolation
 z - a scroll of fear
 B - 3 scrolls of vulnerability
 F - a scroll of noise
Potions
 d - 2 potions of might
 h - 3 potions of attraction
 i - 2 potions of haste
 m - 5 potions of flight
 C - 2 potions of lignification


   Skills:
 + Level 5.1 Fighting
 - Level 4.7(10.2) Polearms
 - Level 13.7(14.0) Staves
 - Level 10.0 Armour
 - Level 7.0 Shields


You had 10 spell levels left.
You didn't know any spells.
Your spell library contained the following spells:

 Spells                   Type           Power      Damage    Failure   Level
 Corona                   Hex            0%         N/A       100%        1
 Freeze                   Ice            0%         1d3       100%        1
 Ensorcelled Hibernation  Hex/Ice        0%         N/A       100%        2
 Confusing Touch          Hex            0%         N/A       100%        3
 Dazzling Flash           Conj/Hex       0%         N/A       100%        3
 Frozen Ramparts          Ice            0%         1d2       100%        3
 Ozocubu's Armour         Ice            0%         N/A       100%        3
 Tukima's Dance           Hex            0%         N/A       100%        3
 Hailstorm                Conj/Ice       0%         3d3       100%        4
 Metabolic Englaciation   Hex/Ice        0%         N/A       100%        5


Dungeon Overview and Level Annotations

Branches:
Dungeon (9/15)             Temple (1/1) D:7            Lair (3/6) D:8
  Swamp: Lair:2-4    Shoals: Lair:2-4     Snake: Lair:2-4    Spider: Lair:2-4
    Orc: D:9-12

Altars:
Ashenzari
Cheibriados
Dithmenos
Elyvilon
Fedhas
Gozag
Hepliaklqana
Kikubaaqudgha
Makhleb
Nemelex Xobeh
Okawaru
Qazlal
Ru
Sif Muna
Trog
Uskayaw
Vehumet
Wu Jian
Xom
Yredelemnul
Zin
The Shining One

Shops:
Lair:1 ?


Innate Abilities, Weirdness & Mutations

You cannot be hasted, slowed, berserked, paralysed or teleported.
You can dig through walls and to a lower floor.
You have a pair of large antennae on your head. (SInv)
Your four strong arms can wield two-handed weapons with a shield.


Message History

Aim: a black mamba (lightly wounded, 38% to hit)
You throw a boomerang.
The boomerang barely misses the black mamba.
You block the black mamba's attack.
The black mamba bites you but does no damage.
You barely miss the black mamba.
The black mamba is lightly wounded.
You block the black mamba's attack.
You slice the black mamba!!
The black mamba is severely wounded.
You block the black mamba's attack.
You closely miss the black mamba.
The black mamba is severely wounded.
You block the black mamba's attack. The black mamba bites you.
You barely miss the black mamba.
The black mamba is severely wounded.
The black mamba bites you!
* * * LOW HITPOINT WARNING * * *
You are lethally poisoned!
The black mamba poisons you!
You slice the black mamba!!
Lightning courses through the black mamba!
You kill the black mamba!
* * * LOW HITPOINT WARNING * * *
You feel very sick.
Training target 10.0 for Armour reached!
Your Armour skill increases to level 10!
You need to enable at least one skill for training.
You feel protected.
* * * LOW HITPOINT WARNING * * *
You feel very sick.
Okay, then.
Okay, then.
Okay, then.
* * * LOW HITPOINT WARNING * * *
You feel very sick.
* * * LOW HITPOINT WARNING * * *
You feel sick.
You die...
Your body crumbles into a pile of gold.

..... #...##
......# ##....##
.......##......#
.......#.......###
....#..#........P#
.................#
.................#
......$<..@......#
.......$.........#
...###...........#
. ##.........##
#........##
####...#.# #######


There were no monsters in sight!

Vanquished Creatures
  A two-headed ogre (D:7)
  3 black mambas
  Joseph (D:8)
  3 cane toads
  A rime drake (Lair:1)
  A komodo dragon (D:8)
  A troll (D:9)
  2 blink frogs (Lair:2)
  Sigmund (D:5)
  11 yaks
  A basilisk (Lair:2)
  7 water moccasins
  An ice beast (D:8)
  2 orc warriors (D:8)
  A sky beast (D:7)
  3 black bears
  A necrophage (D:4)
  4 ogres
  A centaur (D:8)
  A phantom (D:6)
  8 bullfrogs
  A gnoll sergeant (D:8)
  2 scorpions
  4 killer bees (D:8)
  5 wights
  A howler monkey (D:7)
  A bullfrog zombie (D:5)
  A centaur zombie (D:5)
  4 hounds
  A jelly (D:4)
  A bullfrog skeleton (D:7)
  3 orc wizards
  3 gnolls (D:5)
  10 adders
  2 shadow imps
  2 white imps
  An ufetubus (D:6)
  An adder skeleton (D:4)
  4 dart slugs
  16 orcs
  7 ball pythons
  5 bats
  4 endoplasms
  3 giant cockroaches
  6 goblins
  8 hobgoblins
  6 jackals
  2 frilled lizards (D:1)
  3 kobolds
  5 rats
167 creatures vanquished.

Vanquished Creatures (others)
  10 fungi
  9 plants
19 creatures vanquished.

Grand Total: 186 creatures vanquished

Notes
Turn   | Place    | Note
-------+----------+-------------------------------------------
     0 | D:1      | Delamore the Formicid Fighter began the quest for the Orb.
     0 | D:1      | Reached XP level 1. HP: 18/18 MP: 1/1
    76 | D:1      | Reached XP level 2. HP: 24/24 MP: 2/2
   362 | D:1      | Reached XP level 3. HP: 26/29 MP: 3/3
  1810 | D:2      | Reached XP level 4. HP: 32/37 MP: 4/4
  2245 | D:3      | Noticed a black bear
  2266 | D:3      | Killed a black bear
  2267 | D:3      | Reached XP level 5. HP: 9/43 MP: 5/5
  2563 | D:3      | Identified a scroll of acquirement
  2563 | D:3      | Acquired a +5 lajatang of electrocution
  3151 | D:4      | Reached skill level 1 in Staves
  3151 | D:4      | Reached XP level 6. HP: 47/49 MP: 6/6
  3244 | D:4      | Reached skill level 2 in Staves
  3306 | D:4      | Noticed a necrophage
  3312 | D:4      | Killed a necrophage
  3313 | D:4      | Reached skill level 5 in Fighting
  3313 | D:4      | Reached skill level 3 in Staves
  3417 | D:4      | Reached XP level 7. HP: 56/56 MP: 7/7
  3640 | D:5      | Entered Level 5 of the Dungeon
  3763 | D:5      | Reached skill level 4 in Staves
  3925 | D:5      | Reached skill level 5 in Staves
  4424 | D:5      | Reached XP level 8. HP: 62/62 MP: 8/8
  4447 | D:5      | Reached skill level 6 in Staves
  4642 | D:5      | Noticed Sigmund
  4647 | D:5      | Killed Sigmund
  4648 | D:5      | Reached skill level 7 in Staves
  5186 | D:6      | Reached skill level 8 in Staves
  5611 | D:6      | Reached XP level 9. HP: 68/68 MP: 9/9
  5930 | D:7      | Reached skill level 9 in Staves
  6017 | D:7      | Found a staircase to the Ecumenical Temple.
  6031 | Temple   | Entered the Ecumenical Temple
  6084 | Temple   | Became a worshipper of Gozag Ym Sagoz the Greedy
  6491 | D:7      | Noticed a two-headed ogre
  6502 | D:7      | Reached skill level 10 in Staves
  6740 | D:7      | Killed a two-headed ogre
  6741 | D:7      | Reached skill level 11 in Staves
  7033 | D:7      | Found a sparkling altar of Nemelex Xobeh.
  7373 | D:8      | HP: 1/68 [orc wizard/puff of flame (6)]
  7784 | D:8      | Reached XP level 10. HP: 72/74 MP: 10/10
  8079 | D:9      | Reached skill level 12 in Staves
  9076 | D:8      | Reached skill level 13 in Staves
  9264 | D:8      | Noticed Joseph
  9275 | D:8      | Killed Joseph
  9387 | D:8      | Found a staircase to the Lair.
  9656 | Lair:1   | Entered Level 1 of the Lair of Beasts
  9656 | Lair:1   | Noticed a cane toad
  9659 | Lair:1   | Noticed a komodo dragon
  9792 | D:8      | Killed a cane toad
  9800 | D:8      | Killed a komodo dragon
 10122 | Lair:1   | Reached XP level 11. HP: 79/79 MP: 11/11
 10169 | Lair:1   | Reached skill level 5 in Shields
 10318 | Lair:1   | Reached skill level 5 in Armour
 11566 | Lair:1   | Bought a scroll of enchant weapon for 127 gold pieces
 11566 | Lair:1   | Bought a scroll of enchant weapon for 127 gold pieces
 11773 | Lair:2   | Acquired a manual of Armour
 12251 | Lair:3   | Reached skill level 10 in Armour
 12252 | Lair:3   | HP: 3/79 [poisoned by a black mamba]
 12254 | Lair:3   | Succumbed to a black mamba's poison

Illustrated notes

Levels and vault maps discovered:
D:1:      erik_arrival_cave_to_civilisation [erik_arrival_cave_to_hall],
          layout_basic, minmay_pentomino_r2
D:2:      layout_loops_corners
D:3:      layout_basic
D:4:      layout_rooms
D:5:      layout_basic, st_stairs_1, roderic_filled_cross,
          lemuel_flamethrower_1, uniq_sigmund
D:6:      layout_loops_corners, serial_co_window_serial, co_window_corner_a,
          co_window_paths_b, co_window_paths_b, co_window_of_opportunity_a,
          co_window_paths_a, co_window_corner_ca, co_window_broadway_a,
          co_window_2corner, co_window_cross_2
D:7:      layout_cave_pools, general_overflow_altar,
          minmay_temple_entry_overgrown, nrook_uturn
D:8:      minmay_skewed_foursquare, layout_basic, lair_entry_dummy, uniq_joseph
D:9:      layout_irregular_city, orc_0_dummy
Temple:   nicolae_temple_the_god_donut
Lair:1:   layout_long_grid
Lair:2:   layout_small_grid
Lair:3:   layout_cave_pods, swamp_mist, nzn_ghost_randoct, serial_bayou_pond_c

Skill      XL: |  1  2  3  4  5  6  7  8  9 10 11 |
---------------+----------------------------------+-----
Polearms       | 3 4 |  4.7
Fighting       | 4 5 |  5.1
Staves         | 1 3 5 8 11 13 | 13.7
Shields        | 4 7 |  7.0
Armour         | 4 10 | 10.0

Action                   |  1- 3 |  4- 6 |  7- 9 | 10-12 || total
-------------------------+-------+-------+-------+-------++-------
Melee: Trident           |   104 |    64 |       |       ||   168
       Lajatang          |       |    41 |   110 |   186 ||   337
Throw: Dart              |       |       |     6 |     8 ||    14
       Boomerang         |       |       |       |     7 ||     7
Invok: Call Merchant     |       |       |       |     1 ||     1
 Abil: Dig               |       |       |     1 |     4 ||     5
Evoke: Wand              |       |       |     2 |     3 ||     5
  Use: Scroll            |     4 |     5 |     6 |     6 ||    21
       Potion            |       |       |       |     4 ||     4
 Stab: Distracted        |       |       |       |     2 ||     2
Armor: Scale mail        |    32 |    63 |    30 |       ||   125
       Plate armour      |       |       |     1 |    76 ||    77
Dodge: Dodged            |    15 |    39 |    30 |    29 ||   113
Block: Kite shield       |    41 |    69 |    55 |   108 ||   273

Table legend: (Time is in decaauts)
 A = Elapsed time spent in this place.
 B = Non-inter-level travel time spent in this place.
 C = Inter-level travel time spent in this place.
 D = Time resting spent in this place.
 E = Time spent auto-exploring this place.
 F = Levels seen in this place.
 G = Mean time per level.
                   A        B        C        D        E       F      G
               +--------+--------+--------+--------+--------+-----+--------+
         Total |  12327 |  11802 |    525 |   2270 |   8213 |  13 |  948.2 |
       Dungeon |  10022 |   9611 |    411 |   1632 |   6860 |   9 | 1113.6 |
        Temple |     59 |     41 |     18 |      0 |     39 |   1 |   59.0 |
          Lair |   2245 |   2149 |     96 |    638 |   1314 |   3 |  748.3 |
               +--------+--------+--------+--------+--------+-----+--------+

Top non-repeatable levels by time:
     D:8: 1896 daAuts
  Lair:1: 1698 daAuts
     D:6: 1566 daAuts
     D:7: 1240 daAuts
     D:1: 1217 daAuts
     D:5: 1142 daAuts
     D:2: 1032 daAuts
     D:3: 936 daAuts
     D:4: 521 daAuts
  Lair:2: 484 daAuts
     D:9: 467 daAuts
  Lair:3: 62 daAuts
  Temple: 59 daAuts
